 Dungeon Crawl Stone Soup version 0.25-a0-294-gea9b1ad378 (webtiles) character file.

Game seed: 8719333687089435024, levelgen mode: deterministic

1340 MoonlitKnight the Charmwright (level 8, -1/64 HPs)
             Began as a Gnoll Skald on Dec 18, 2019.
             Slain by a phantom (6 damage)
             ... on level 5 of the Dungeon.
             The game lasted 00:13:13 (6066 turns).

MoonlitKnight the Charmwright (Gnoll Skald)         Turns: 6066, Time: 00:13:13

Health: -1/64      AC:  5    Str: 14    XL:     8   Next: 62%
Magic:  13/17      EV: 14    Int: 15    God:
Gold:   136        SH:  0    Dex: 17    Spells: 9/19 levels left

rFire    . . .     SeeInvis .   D - +2 whip (freeze)
rCold    . . .     Gourm    .   (no shield)
rNeg     . . .     Faith    .   m - +0 ring mail
rPois    .         Spirit   .   (no helmet)
rElec    .         Reflect  .   (no cloak)
rCorr    +         Harm     .   (no gloves)
MR       .....                  (no boots)
Stlth    +++.......             (no amulet)
HPRegen  0.20/turn              h - ring of stealth
MPRegen  0.15/turn              B - ring of resist corrosion

@: lethally poisoned (-1 -> -4)
A: distributed training, fangs 1, strong nose
a: no special abilities


You were on level 5 of the Dungeon.
You were not hungry.

You visited 1 branch of the dungeon, and saw 5 of its levels.
You also visited: Sewer.

You collected 136 gold pieces.

Inventory:

Hand Weapons
 a - a +0 spear
 D - a +2 whip of freezing (weapon)
Missiles
 i - 44 sling bullets
 j - 32 poisoned darts (quivered)
Armour
 m - a +0 ring mail (worn)
Jewellery
 h - a ring of stealth (left hand)
 B - a ring of resist corrosion (right hand)
Wands
 e - a wand of polymorph (6)
 x - a wand of random effects (29)
 z - a wand of disintegration (10)
 C - a wand of scattershot (1)
Scrolls
 g - 2 scrolls of noise {unknown}
 k - 2 scrolls of immolation {unknown}
 l - 5 scrolls of teleportation
 o - 2 scrolls of remove curse
 p - a scroll of random uselessness {unknown}
 q - a scroll of amnesia
 r - a scroll of enchant armour {unknown}
 u - 2 scrolls of magic mapping
 y - a scroll of fog {unknown}
 E - a scroll of fear {unknown}
 G - a scroll of identify
Potions
 b - 4 potions of heal wounds
 c - a potion of lignification
 f - 2 potions of agility
 n - 6 potions of flight
 s - a potion of resistance
 t - 2 potions of brilliance
 v - a potion of might
 w - 5 potions of curing
Comestibles
 d - 11 rations
 A - 2 chunks of flesh


   Skills:
 + Level 5.7 Fighting
 + Level 3.3 Short Blades
 + Level 3.3 Long Blades
 + Level 3.3 Axes
 + Level 3.3 Maces & Flails
 + Level 5.7 Polearms
 + Level 3.3 Staves
 + Level 3.3 Slings
 + Level 3.3 Bows
 + Level 3.3 Crossbows
 + Level 3.3 Throwing
 + Level 4.3 Armour
 + Level 5.7 Dodging
 + Level 3.3 Stealth
 + Level 3.3 Shields
 + Level 3.3 Unarmed Combat
 + Level 6.1 Spellcasting
 + Level 2.7 Conjurations
 + Level 2.7 Hexes
 + Level 6.1 Charms
 + Level 2.7 Summonings
 + Level 2.7 Necromancy
 + Level 2.7 Translocations
 + Level 2.7 Transmutations
 + Level 2.7 Fire Magic
 + Level 2.7 Ice Magic
 + Level 2.7 Air Magic
 + Level 2.7 Earth Magic
 + Level 2.7 Poison Magic
 + Level 3.7 Invocations
 + Level 3.3 Evocations


You had 9 spell levels left.
You knew the following spells:

 Your Spells              Type           Power        Failure   Level  Hunger
b - Shroud of Golubria    Chrm/Tloc      ###...       7%          2    #......
c - Spectral Weapon       Hex/Chrm       ###.....     13%         3    ##.....
d - Regeneration          Chrm/Necr      ###.......   13%         3    ##.....
e - Song of Slaying       Chrm           ###.....     3%          2    #......

Your spell library contained the following spells:

 Spells                   Type           Power        Failure   Level  Hunger
 Infusion                 Chrm           ###.         2%          1    None
 Sandblast                Erth           ##....       9%          1    None
 Passwall                 Tmut/Erth      ##......     14%         2    #......
 Stone Arrow              Conj/Erth      ##....       26%         3    ##.....
 Petrify                  Tmut/Erth      ##......     65%         4    ####...
 Lee's Rapid Deconstruct  Erth           ##........   94%         5    ######.


Dungeon Overview and Level Annotations

Branches:
Dungeon (5/15)              Sewer (visited)
 Temple: D:4-7

Altars:
Gozag
Hepliaklqana

Annotations:
D:5 Duvessa, Edmund


Innate Abilities, Weirdness & Mutations

Your experience applies equally to all skills.
You have very sharp teeth.
Your uncanny sense of smell can sniff out nearby items.


Message History

You bite the worker ant, but do no damage.
The worker ant is almost dead.
You feel sick. The worker ant misses you.
The phantom blinks!
The worker ant bites you but does no damage.
You feel sick.
Duvessa shakes in a combination of rage and grief.
The crimson imp blinks!
Edmund says, "I might not be good at magic, but I can still kill you!"
You hit Duvessa but do no damage.
Duvessa is lightly wounded.
Duvessa barely misses you. The worker ant barely misses you.
You feel sick.
The worker ant bites you but does no damage.
The phantom hits you.
* * * LOW HITPOINT WARNING * * *
Duvessa misses you.
You hit the worker ant but do no damage.
The worker ant is almost dead.
The worker ant barely misses you. The phantom hits you.
You die...

#..##.#..#......
## #...........
.....#........
##...#........
#..##........
#..###.ยง.....
######.####.......
#.W......#........
#@a5.....#........
#@e...............
#........##.......
##################


You could see Edmund, a phantom, Duvessa, a worker ant and a crimson imp.

Vanquished Creatures
  Pikel (D:4)
  Grinder (D:4)
  An ice beast (D:4)
  2 slaves (D:4)
  Dowan (D:5)
  A hound (D:4)
  An orc priest (D:3)
  A centaur skeleton (D:4)
  An orc wizard (D:3)
  Ijyb (D:4)
  3 worker ants
  A hound skeleton (D:4)
  14 adders
  A gnoll (D:1)
  8 river rats
  2 oozes
  An adder skeleton (D:4)
  4 worms
  3 dart slugs
  8 leopard geckos
  6 orcs
  6 giant cockroaches
  5 goblins
  10 hobgoblins
  3 jackals
  24 kobolds
  3 quokkas
  4 ball pythons
  6 bats
  6 frilled lizards
  A jackal skeleton (D:4)
  23 rats
153 creatures vanquished.

Vanquished Creatures (others)
  A jackal (D:4)
  2 spectral weapons (D:5)
  4 toadstools (D:1)
7 creatures vanquished.

Grand Total: 160 creatures vanquished

Notes
Turn   | Place    | Note
-------+----------+-------------------------------------------
     0 | D:1      | MoonlitKnight the Gnoll Skald began the quest for the Orb.
     0 | D:1      | Reached XP level 1. HP: 20/20 MP: 6/6
   115 | D:1      | Reached XP level 2. HP: 21/26 MP: 7/7
   411 | D:1      | Reached XP level 3. HP: 30/31 MP: 9/9
   458 | D:1      | Reached skill level 5 in Spellcasting
   525 | D:1      | Learned a level 2 spell: Shroud of Golubria
   529 | D:1      | Learned a level 3 spell: Spectral Weapon
   533 | D:1      | Learned a level 3 spell: Regeneration
   536 | D:1      | Learned a level 2 spell: Song of Slaying
   755 | D:1      | Reached skill level 1 in Invocations
   874 | D:2      | Found a hazy altar of Hepliaklqana.
   886 | D:2      | Reached skill level 1 in Short Blades
   886 | D:2      | Reached skill level 1 in Long Blades
   886 | D:2      | Reached skill level 1 in Axes
   886 | D:2      | Reached skill level 1 in Maces & Flails
   886 | D:2      | Reached skill level 1 in Staves
   886 | D:2      | Reached skill level 1 in Slings
   886 | D:2      | Reached skill level 1 in Bows
   886 | D:2      | Reached skill level 1 in Crossbows
   886 | D:2      | Reached skill level 1 in Throwing
   886 | D:2      | Reached skill level 1 in Stealth
   886 | D:2      | Reached skill level 1 in Shields
   886 | D:2      | Reached skill level 1 in Unarmed Combat
   886 | D:2      | Reached skill level 1 in Evocations
   911 | D:2      | Reached XP level 4. HP: 11/38 MP: 11/11
  1411 | D:2      | Found an opulent altar of Gozag.
  1571 | D:2      | Reached skill level 1 in Conjurations
  1571 | D:2      | Reached skill level 1 in Hexes
  1571 | D:2      | Reached skill level 1 in Summonings
  1571 | D:2      | Reached skill level 1 in Necromancy
  1571 | D:2      | Reached skill level 1 in Translocations
  1571 | D:2      | Reached skill level 1 in Transmutations
  1571 | D:2      | Reached skill level 1 in Fire Magic
  1571 | D:2      | Reached skill level 1 in Ice Magic
  1571 | D:2      | Reached skill level 1 in Air Magic
  1571 | D:2      | Reached skill level 1 in Earth Magic
  1571 | D:2      | Reached skill level 1 in Poison Magic
  1891 | D:3      | Reached XP level 5. HP: 38/43 MP: 6/12
  2215 | D:3      | Found a glowing drain.
  2219 | Sewer    | Entered a sewer
  2628 | Sewer    | Reached XP level 6. HP: 46/50 MP: 9/13
  3405 | D:3      | Reached skill level 5 in Fighting
  3405 | D:3      | Reached skill level 5 in Polearms
  3405 | D:3      | Reached skill level 5 in Dodging
  4251 | D:4      | Reached XP level 7. HP: 34/56 MP: 15/15
  4627 | D:4      | Noticed Grinder
  4635 | D:4      | Paralysed by Grinder for 7 turns
  4652 | D:4      | Killed Grinder
  4813 | D:4      | Noticed Ijyb
  5114 | D:4      | Killed Ijyb
  5114 | D:4      | Reached XP level 8. HP: 38/63 MP: 8/16
  5326 | D:4      | Noticed Pikel
  5364 | D:4      | Killed Pikel
  6020 | D:5      | Entered Level 5 of the Dungeon
  6020 | D:5      | Noticed Duvessa
  6020 | D:5      | Noticed Dowan
  6023 | D:5      | Noticed Edmund
  6026 | D:5      | Killed Dowan
  6056 | D:5      | HP: 2/64 [Edmund/+1 flail of protection (7)]
  6066 | D:5      | Slain by a phantom

Levels and vault maps discovered:
D:1:      ldierk_walled_garden_2, layout_basic
D:2:      layout_basic, overflow_temple_1_default, marbit_many_paths
D:3:      layout_rooms, gup_sewer_entry_bowl, serial_bayou, serial_bayou_pond_e,
          serial_bayou_lake_a, serial_bayou_pond_e, serial_bayou_pond_e
D:4:      layout_basic, first_ration, serial_curves, eino_curves_01,
          eino_curves_03, minmay_checkerbox, uniq_ijyb, uniq_grinder, uniq_pikel
D:5:      layout_rooms, lemuel_doored_altar, ashenzari_altar_1, zin_scriptorium,
          overflow_temple_1_default, serial_shops, nicolae_shop_behind_doors,
          nicolae_ossuary_entry_ruins, minmay_misc_feat_x, serial_bayou_ford_a,
          uniq_duvessa, uniq_edmund, uniq_eustachio

Skill      XL: |  1  2  3  4  5  6  7  8 |
---------------+-------------------------+-----
Spellcasting   | 5 6 |  6.1
Invocations    | 1 2 3 |  3.7
Short Blades   | 1 2 3 |  3.3
Long Blades    | 1 2 3 |  3.3
Axes           | 1 2 3 |  3.3
Maces & Flails | 1 2 3 |  3.3
Staves         | 1 2 3 |  3.3
Slings         | 1 2 3 |  3.3
Bows           | 1 2 3 |  3.3
Crossbows      | 1 2 3 |  3.3
Throwing       | 1 2 3 |  3.3
Stealth        | 1 2 3 |  3.3
Shields        | 1 2 3 |  3.3
Unarmed Combat | 1 2 3 |  3.3
Evocations     | 1 2 3 |  3.3
Conjurations   | 1 2 |  2.7
Hexes          | 1 2 |  2.7
Summonings     | 1 2 |  2.7
Necromancy     | 1 2 |  2.7
Translocations | 1 2 |  2.7
Transmutations | 1 2 |  2.7
Fire Magic     | 1 2 |  2.7
Ice Magic      | 1 2 |  2.7
Air Magic      | 1 2 |  2.7
Earth Magic    | 1 2 |  2.7
Poison Magic   | 1 2 |  2.7
Armour         | 3 4 |  4.3
Fighting       | 5 |  5.7
Polearms       | 5 |  5.7
Dodging        | 5 |  5.7
Charms         | 6 |  6.1

Action                   |  1- 3 |  4- 6 |  7- 9 || total
-------------------------+-------+-------+-------++-------
Melee: Spear             |    94 |   333 |   183 ||   610
       Bite              |     9 |    29 |    24 ||    62
       Punch             |     1 |       |     2 ||     3
       Unarmed           |       |       |     4 ||     4
       Whip              |       |       |    21 ||    21
       Trident           |       |       |    13 ||    13
Throw: Dart              |       |     5 |     9 ||    14
 Cast: Spectral Weapon   |     2 |    17 |     8 ||    27
       Infusion          |     1 |       |       ||     1
       Regeneration      |       |     3 |     5 ||     8
  Use: Scroll            |       |       |    11 ||    11
       Potion            |       |       |     3 ||     3
 Stab: Sleeping          |     3 |    13 |     4 ||    20
       Distracted        |       |     3 |     1 ||     4
       Confused          |       |       |     1 ||     1
  Eat: Chunk             |       |    13 |     7 ||    20
Armor: Leather armour    |    17 |       |       ||    17
       Ring mail         |     2 |    67 |    47 ||   116
Dodge: Dodged            |    61 |   164 |   163 ||   388

Table legend:
 A = Non-vault XP
 B = Vault XP
 C = Vault XP percentage of total XP
 D = Non-vault monster count
 E = Vault monster count
 F = Vault count percentage of total count
                 A         B        C        D         E       F
            +---------+---------+-------+---------+---------+-------
      Total |     699 |    1216 |  63.5 |      91 |      60 |  39.7
            +---------+---------+-------+---------+---------+-------
        D:1 |      61 |       0 |   0.0 |      24 |       0 |   0.0
        D:2 |      95 |       2 |   2.1 |      24 |       1 |   4.0
        D:3 |     224 |      20 |   8.2 |      29 |       4 |  12.1
        D:4 |     319 |     932 |  74.5 |      14 |       6 |  30.0
        D:5 |       0 |      69 | 100.0 |       0 |       1 | 100.0
      Sewer |       0 |     193 | 100.0 |       0 |      48 | 100.0
            +---------+---------+-------+---------+---------+-------
